Map: [ESL] Amphion

Players

Harstem

  • Race: Protoss Protoss
  • League: Master
  • Spawn Location: 7:00

LiquidClem (Clem) - Winner!

  • Race: Terran Terran
  • League: Grandmaster
  • Spawn Location: 11:00

Event: HomeStory Cup XXV

VOD

Have the link to the VOD?

Description

Time

  • Played on: June 23, 2024, 7:39 a.m.
  • Length: 17:20

All games in this series

Show
View Real Time Build Order
Export as new Build Order

Harstem Protoss 

Build Orders: 1 Gate Expand, Oracle Opening, Phoenix Opening 

Get SALT Encoding   

  12  0:00  Probe  
  13  0:12  Probe  
  14  0:18  Pylon  
  14  0:24  Probe (Chrono Boost)  
  15  0:36  Probe (Chrono Boost)  
  15  0:37  Gateway  
  16  0:45  Probe (Chrono Boost)  
  16  0:46  Assimilator  
  17  0:51  Probe  
  18  1:03  Probe  
  19  1:19  Nexus  
  19  1:29  Cybernetics Core  
  20  1:32  Probe  
  20  1:38  Assimilator  
  20  1:44  Probe  
  21  1:48  Pylon  
  21  1:57  Probe  
  22  2:04  Adept (Chrono Boost)  
  24  2:09  Probe  
  25  2:15  Stargate  
  25  2:21  Probe (Chrono Boost)  
  26  2:24  Adept (Chrono Boost)  
  28  2:30  Warp Gate  
  28  2:32  Probe (Chrono Boost)  
  30  2:39  Probe (Chrono Boost)  
  30  2:42  Probe (Chrono Boost)  
  31  2:46  Probe (Chrono Boost)  
  31  2:47  Probe (Chrono Boost)  
  33  2:57  Probe  
  35  2:59  Probe  
  35  3:00  Oracle (Chrono Boost)  
  37  3:06  Stalker  
  37  3:09  Probe  
  37  3:11  Probe  
  41  3:15  Pylon  
  41  3:21  Probe  
  41  3:23  Probe  
  43  3:28  Gateway, Phoenix (Chrono Boost)  
  43  3:33  Probe  
  44  3:41  Probe  
  44  3:45  Probe  
  43  3:50  Phoenix (Chrono Boost)  
  43  3:54  Probe  
  46  3:58  Probe  
  47  4:06  Probe, Pylon  
  47  4:08  Phoenix (Chrono Boost)  
  50  4:10  Probe  
  50  4:18  Probe  
  50  4:22  Probe  
  52  4:27  Nexus  
  52  4:30  Probe  
  53  4:32  Phoenix (Chrono Boost)  
  53  4:34  Probe  
  56  4:39  Assimilator  
  56  4:40  Pylon  
  56  4:44  Stalker  
  56  4:45  Adept  
  58  4:48  Probe  
  58  4:49  Probe  
  55  5:01  Probe (Chrono Boost)  
  55  5:05  Probe (Chrono Boost)  
  55  5:07  Forge  
  55  5:09  Twilight Council  
  56  5:17  Probe (Chrono Boost)  
  56  5:18  Probe (Chrono Boost)  
  57  5:22  Probe (Chrono Boost)  
  57  5:24  Forge  
  57  5:25  Probe (Chrono Boost)  
  57  5:26  Phoenix (Chrono Boost), Pylon  
  61  5:31  Probe  
  62  5:36  Probe  
  62  5:38  Stalker  
  62  5:41  Probe  
  62  5:43  Probe  
  64  5:50  Probe (Chrono Boost)  
  64  5:51  Charge  
  64  5:53  Probe (Chrono Boost)  
  64  5:55  Probe (Chrono Boost)  
  66  5:58  Protoss Ground Weapons Level 1 (Chrono Boost)  
  66  6:00  Pylon  
  68  6:05  Probe (Chrono Boost)  
  68  6:06  Probe x2 (Chrono Boost)  
  68  6:10  Probe (Chrono Boost), Pylon  
  68  6:11  Probe (Chrono Boost)  
  69  6:13  Probe  
  72  6:20  Probe  
  72  6:21  Protoss Ground Armor Level 1 (Chrono Boost)  
  72  6:22  Gateway  
  72  6:24  Gateway  
  72  6:25  Probe  
  75  6:26  Gateway  
  75  6:27  Sentry  
  75  6:32  Gateway  
  76  6:33  Gateway  
  76  6:35  Probe  
  76  6:37  Probe  
  76  6:38  Probe  
  76  6:39  Shield Battery  
  79  6:45  Sentry  
  81  6:47  Gateway, Probe  
  81  6:49  Probe  
  83  6:54  Pylon  
  83  6:57  Assimilator, Zealot  
  83  7:00  Probe x2  
  87  7:03  Probe  
  87  7:06  Pylon  
  87  7:07  Pylon  
  88  7:11  Phoenix  
  88  7:12  Probe  
  87  7:17  Zealot x2  
  87  7:24  Zealot  
  87  7:25  Probe  
  87  7:27  Probe  
  88  7:30  Probe  
  88  7:33  Zealot x3  
  88  7:36  Phoenix  
  90  7:37  Probe  
  90  7:40  Probe  
  90  7:42  Zealot x2  
  92  7:44  Pylon  
  92  7:45  Zealot  
  92  7:48  Probe  
  89  8:01  Phoenix  
  89  8:02  Zealot x6  
  89  8:04  Probe  
  104  8:08  Probe  
  105  8:16  Protoss Ground Weapons Level 2 (Chrono Boost)  
  105  8:17  Zealot x2  
  107  8:20  Probe  
  107  8:24  Probe  
  107  8:30  Nexus  
  99  8:34  Zealot x2, Protoss Ground Armor Level 2 (Chrono Boost)  
  99  8:35  Zealot x3  
  99  8:41  Zealot x2  
  108  8:46  Probe  
  110  8:48  Zealot  
  110  8:54  Phoenix  
  114  9:02  Zealot x6  
  114  9:19  Zealot x2, Phoenix  
  114  9:23  Zealot x6  
  130  9:26  Pylon  
  126  9:32  Pylon  
  126  9:38  Probe  
  127  9:40  Shield Battery, Probe x2  
  127  9:42  Robotics Facility  
  129  9:47  Zealot, Sentry  
  129  9:48  Zealot  
  129  9:49  Probe  
  129  9:52  Pylon  
  136  9:54  Phoenix  
  136  9:58  Assimilator  
  138  10:02  Shield Battery  
  138  10:03  Zealot x4, Sentry  
  146  10:09  Probe  
  146  10:10  Pylon  
  146  10:11  Zealot  
  146  10:12  Zealot, Pylon  
  149  10:14  Zealot  
  144  10:28  Immortal (Chrono Boost)  
  144  10:30  Protoss Ground Weapons Level 3 (Chrono Boost)  
  144  10:33  Robotics Bay  
  144  10:35  Zealot x3  
  150  10:39  Robotics Facility  
  150  10:41  Zealot x3  
  154  10:56  Zealot x5  
  160  10:58  Observer  
  160  11:00  Observer (Chrono Boost)  
  161  11:08  Zealot x3  
  165  11:16  Zealot x3  
  165  11:17  Zealot x2  
  161  11:29  Protoss Ground Armor Level 3 (Chrono Boost)  
  161  11:30  Colossus (Chrono Boost)  
  161  11:32  Zealot x3  
  127  11:42  Zealot x5  
  127  11:43  Colossus (Chrono Boost)  
  126  11:47  Extended Thermal Lance  
  118  11:57  Zealot x3  
  110  12:04  Observer  
  110  12:05  Zealot x5  
  110  12:07  Phoenix  
  112  12:15  Blink  
  110  12:16  Probe  
  110  12:17  Probe  
  110  12:18  Zealot x3  
  116  12:24  Colossus (Chrono Boost)  
  116  12:27  Observer  
  116  12:29  Stalker x2, Sentry  
  128  12:31  Probe  
  128  12:32  Stalker  
  131  12:40  Stalker x2  
  131  12:41  Stalker  
  137  12:44  Probe  
  137  12:50  Dark Shrine  
  138  12:51  Stalker  
  138  12:52  Stalker  
  138  12:58  Stalker x2  
  147  13:05  Probe  
  147  13:16  Observer  
  147  13:17  Disruptor x2 (Chrono Boost)  
  147  13:19  Stalker  
  157  13:21  Probe  
  157  13:24  Probe  
  157  13:26  Shield Battery, Photon Cannon  
  159  13:27  Pylon  
  159  13:31  Probe  
  159  13:32  Zealot x2  
  159  13:33  Zealot, Stalker x3  
  170  13:45  Zealot x2  
  169  14:00  Stalker x2  
  172  14:05  Zealot x6  
  184  14:12  Disruptor x2  
  184  14:26  Stalker x5  
  184  14:31  Pylon  
  190  14:33  Nexus  
  190  14:37  Stalker x3  
  196  14:51  Zealot x3  
  192  15:11  Pylon  
  192  15:12  Pylon  
  192  15:14  Pylon  
  192  15:18  Pylon  
  192  15:20  Photon Cannon  
  192  15:21  Photon Cannon  
  192  15:26  Shadow Stride (Chrono Boost)  
  192  15:29  Probe x4  
  196  15:41  Probe  
  196  15:50  Zealot x2, Dark Templar x2  
  196  15:51  Zealot  
  196  15:56  Dark Templar  
  196  15:57  Zealot x2  
  131  16:11  Probe  
  131  16:14  Gateway  
  131  16:16  Stalker  
  131  16:17  Gateway, Colossus x2 (Chrono Boost), Stalker x3  
  115  16:18  Probe  
  115  16:19  Probe  
  115  16:22  Gateway, Probe  
  122  16:28  Zealot  
  122  16:29  Zealot  
  120  16:35  Probe x2  
  120  16:36  Probe  
  120  16:37  Gateway  
  124  16:41  Pylon  
  124  16:43  Zealot x4, Gateway  
  124  16:46  Gateway  
  131  16:55  Stalker, Sentry  
  131  16:56  Nexus  
  131  16:57  Pylon  
  133  17:02  Nexus  
  133  17:03  Stalker x3  
  133  17:07  Dark Templar  
Show
View Real Time Build Order
Export as new Build Order

LiquidClem Terran - Winner!

Build Orders:  

Get SALT Encoding   

  12  0:00  SCV  
  13  0:12  SCV  
  14  0:17  Supply Depot  
  14  0:24  SCV  
  15  0:39  SCV  
  15  0:40  Barracks  
  16  0:44  Refinery  
  16  0:51  SCV  
  16  0:54  Refinery  
  17  1:03  SCV  
  18  1:15  SCV  
  19  1:27  Orbital Command, Reaper  
  19  1:29  Supply Depot  
  20  1:42  Factory  
  20  1:53  SCV  
  21  2:00  Barracks Reactor  
  21  2:05  SCV  
  22  2:17  Command Center  
  22  2:19  SCV  
  23  2:27  Hellion  
  25  2:32  SCV  
  25  2:35  Reaper  
  25  2:36  Reaper  
  28  2:40  Supply Depot  
  28  2:44  SCV  
  28  2:51  Hellion  
  31  2:56  Starport  
  31  3:01  SCV  
  32  3:08  Marine x2  
  34  3:13  Cyclone  
  34  3:15  SCV  
  37  3:21  Supply Depot  
  37  3:27  Marine  
  37  3:28  Marine  
  37  3:32  SCV  
  40  3:39  Medivac  
  41  3:45  SCV, Marine  
  41  3:47  Orbital Command  
  38  3:50  Marine  
  38  3:52  Widow Mine  
  41  3:57  SCV  
  42  4:06  Supply Depot, Marine  
  42  4:07  Marine  
  42  4:09  SCV  
  45  4:16  Liberator  
  48  4:17  SCV  
  48  4:21  SCV  
  49  4:25  Barracks  
  49  4:26  Factory Tech Lab  
  49  4:29  Marine x2  
  51  4:31  SCV  
  51  4:35  SCV  
  53  4:43  SCV  
  54  4:47  SCV, Marine x2  
  54  4:52  Factory Tech Lab  
  57  4:53  Barracks  
  57  4:55  SCV  
  57  4:59  SCV  
  55  5:05  Marine x2, Engineering Bay  
  55  5:06  Refinery  
  53  5:07  SCV  
  53  5:11  SCV  
  53  5:17  Supply Depot  
  53  5:18  Starport Reactor  
  53  5:19  SCV, Factory Reactor  
  54  5:22  Marine  
  54  5:23  SCV, Marine  
  54  5:24  Supply Depot, Marauder, Stimpack  
  59  5:32  SCV  
  59  5:35  SCV  
  59  5:43  Marine x2  
  59  5:44  SCV  
  59  5:47  Supply Depot, Refinery, Marauder  
  59  5:48  SCV  
  59  5:49  Terran Infantry Weapons Level 1  
  65  5:56  SCV  
  63  5:57  Medivac x2  
  63  5:58  Combat Shield  
  63  6:00  SCV, Marine  
  69  6:04  Marine x2  
  69  6:08  Supply Depot, SCV  
  72  6:12  SCV, Marauder  
  72  6:17  Widow Mine x2  
  76  6:20  SCV  
  76  6:22  Marine x2  
  76  6:24  Supply Depot  
  76  6:25  Marauder  
  81  6:34  Command Center  
  81  6:38  SCV x2  
  81  6:39  Marauder  
  85  6:41  Marine  
  85  6:42  Marine  
  85  6:45  Medivac  
  89  6:48  Medivac  
  89  6:51  Widow Mine x2  
  95  6:55  Marauder  
  95  6:59  Marine  
  95  7:00  Marine  
  99  7:02  Marauder  
  99  7:04  Concussive Shells  
  101  7:09  Barracks  
  101  7:10  Barracks  
  101  7:13  SCV  
  101  7:18  Marine x2  
  101  7:19  Marauder  
  101  7:20  SCV  
  100  7:23  Widow Mine x2  
  100  7:27  Medivac x2  
  100  7:29  Marauder  
  104  7:31  SCV  
  104  7:36  Marine  
  101  7:37  Marine  
  101  7:40  Marauder  
  101  7:43  SCV  
  105  7:45  Widow Mine x2  
  105  7:48  SCV  
  105  7:50  Marauder  
  108  7:53  Marine  
  108  7:55  SCV, Marine  
  108  7:57  Orbital Command  
  105  8:02  Barracks Tech Lab, Barracks Reactor  
  105  8:03  Marauder  
  102  8:07  Supply Depot  
  102  8:11  Marine  
  100  8:13  Marine, Widow Mine x2  
  100  8:17  Medivac x2  
  105  8:23  Marauder  
  105  8:25  SCV, Ghost Academy  
  105  8:26  SCV x2  
  110  8:29  Marine, Terran Infantry Armor Level 1  
  110  8:31  Marine  
  110  8:33  Marauder x2  
  103  8:38  Marine  
  103  8:39  Marine, Widow Mine x2  
  109  8:42  SCV  
  109  8:43  SCV  
  109  8:44  SCV, Marauder  
  114  8:49  Supply Depot, Marine  
  114  8:52  Supply Depot  
  114  8:53  Armory  
  114  8:54  SCV, Marine, Engineering Bay  
  117  8:56  Ghost  
  117  8:58  Ghost  
  117  9:00  Marine, Widow Mine  
  117  9:02  Marine  
  119  9:04  Widow Mine  
  119  9:05  SCV, Ghost  
  119  9:07  Marine  
  124  9:12  Marine  
  124  9:15  Viking x2  
  117  9:18  Marine  
  117  9:20  Marine  
  117  9:22  Widow Mine  
  118  9:25  Marine, Refinery x2, Marauder  
  118  9:30  Command Center  
  120  9:33  Ghost  
  122  9:39  Missile Turret, Ghost  
  122  9:40  Marine  
  122  9:41  Supply Depot, Marine  
  122  9:42  Marine  
  127  9:46  Supply Depot  
  127  9:47  Marine  
  127  9:49  Marine, Widow Mine x2  
  133  9:55  Supply Depot  
  133  9:56  Terran Infantry Weapons Level 2  
  133  9:58  Marine x2  
  135  10:00  Marine  
  135  10:04  Marine  
  137  10:09  Barracks  
  137  10:13  Ghost, Barracks x2  
  137  10:16  Marine x2  
  137  10:18  Marine, Ghost  
  137  10:19  Ghost  
  145  10:22  Marine  
  145  10:27  Widow Mine x2  
  147  10:34  Marine, Viking  
  147  10:35  Viking  
  150  10:36  SCV  
  150  10:39  Barracks  
  150  10:40  Marine  
  150  10:42  Marine x2  
  151  10:43  Marine  
  151  10:46  SCV x2  
  158  10:54  Terran Infantry Armor Level 2  
  158  10:55  Marine, Sensor Tower  
  158  10:56  Starport  
  155  10:58  Marine  
  155  11:00  Marauder  
  162  11:04  Marauder x2  
  162  11:05  Barracks Tech Lab  
  162  11:06  Barracks Tech Lab  
  162  11:08  Marine  
  161  11:11  Marine  
  161  11:14  Medivac  
  161  11:17  Medivac  
  166  11:19  Marine  
  166  11:21  Marauder  
  164  11:25  Marine, Marauder  
  164  11:27  Marauder  
  164  11:29  Marine x2  
  164  11:30  Marine x2, Marauder  
  164  11:31  Marine  
  149  11:37  Marine  
  138  11:43  Marine, Marauder  
  138  11:44  Medivac  
  138  11:45  Planetary Fortress  
  138  11:47  Marauder  
  141  11:48  Marine x2, Refinery  
  141  11:49  Refinery, Marauder  
  141  11:52  Marine  
  141  11:53  Viking  
  139  11:57  Medivac  
  139  11:58  Medivac  
  139  12:00  Marine  
  139  12:01  Marine  
  124  12:06  Marine x2  
  120  12:12  Marauder  
  120  12:14  Marine, Medivac  
  120  12:15  Marine  
  120  12:19  SCV x2  
  120  12:20  Marine, Marauder  
  120  12:21  SCV  
  128  12:23  Barracks Tech Lab, Viking  
  128  12:24  Barracks Reactor  
  128  12:25  Barracks Tech Lab  
  128  12:26  Ghost  
  128  12:28  SCV  
  132  12:31  Ghost  
  132  12:32  Marine x2  
  132  12:33  Marine  
  132  12:35  Marine  
  138  12:38  Terran Infantry Weapons Level 3  
  138  12:43  Marine  
  139  12:47  Command Center  
  139  12:52  Marine x2  
  139  12:54  Terran Ship Weapons Level 1  
  139  12:56  Marine  
  139  12:57  Marauder x2  
  139  12:58  Ghost  
  146  12:59  Marine x2  
  146  13:02  Ghost  
  146  13:05  Viking  
  154  13:13  Viking  
  154  13:16  Terran Infantry Armor Level 3, Marine  
  154  13:17  Marine, Marauder  
  154  13:18  Marauder  
  162  13:21  Missile Turret  
  162  13:23  Marine x2  
  162  13:24  Marine x2  
  162  13:25  Supply Depot  
  165  13:29  Supply Depot  
  165  13:32  Missile Turret  
  165  13:34  Marine  
  165  13:35  Marauder x2  
  165  13:40  Ghost  
  165  13:41  Marine  
  173  13:46  Viking  
  173  13:47  Viking  
  176  13:51  Viking  
  178  13:55  Viking  
  178  13:57  Marauder  
  178  13:59  Marine  
  178  14:00  Marine  
  184  14:07  Marauder  
  184  14:08  Marine, Marauder  
  189  14:10  Marine  
  189  14:12  Marauder  
  189  14:14  Marine  
  189  14:16  Marine  
  196  14:18  Marauder x2  
  196  14:21  Marauder  
  196  14:22  Marine  
  194  14:27  Viking  
  194  14:29  Marauder  
  195  14:31  Viking  
  195  14:35  Marine x2  
  195  14:37  Planetary Fortress  
  199  14:42  Fusion Core  
  199  14:49  Ghost  
  197  14:54  Ghost  
  197  14:58  Ghost  
  198  15:00  Marine  
  198  15:01  Marine  
  198  15:06  Viking  
  196  15:07  Marauder  
  196  15:10  Ghost  
  196  15:13  Refinery  
  196  15:14  Refinery, Missile Turret  
  197  15:15  Starport  
  197  15:24  Liberator  
  197  15:28  Command Center  
  200  15:36  Advanced Ballistics  
  200  15:39  Liberator  
  198  15:44  Medivac  
  198  15:48  Ghost  
  198  15:52  Marauder  
  198  15:53  Marine  
  198  15:54  Viking  
  198  15:56  Viking  
  189  15:58  Marauder  
  189  15:59  Marine  
  189  16:00  Marine  
  159  16:04  Marine  
  159  16:05  Marauder  
  159  16:07  Marauder, Viking  
  159  16:10  Marine  
  159  16:11  Marauder  
  140  16:12  Marine x2  
  132  16:19  Marauder  
  132  16:20  Marine  
  132  16:22  Marauder  
  132  16:23  Liberator  
  140  16:28  Liberator  
  140  16:31  Marine  
  144  16:33  Marine  
  144  16:34  Marine  
  144  16:37  Marine x3, Marauder  
  151  16:47  Marine  
  151  16:48  Marine  
  153  16:56  Marine  
  153  16:59  Marine  
  153  17:00  Marine x2  
Tags
 
Add a new tag
Caveats
  • Supply blocks, unpowered buildings, or Contaminate may cause inaccurate times.
  • Supply counts are checked every 10 seconds.